 Dungeon Crawl Stone Soup version 0.27.0-1-g7a089689b8 (console) character file.

Game seed: 7124631154187720757

28623 Banquo the Thaumaturge (level 13, -13/99 HPs)
             Began as a Djinni Venom Mage on July 31, 2021.
             Was a Priest of Ashenzari.
             Mangled by a dire elephant simulacrum (31 damage)
             ... in an ice cave.
             The game lasted 01:45:24 (21702 turns).

Banquo the Thaumaturge (Djinni Venom Mage)         Turns: 21702, Time: 01:45:24

Health: -13/99     AC: 10    Str:  7    XL:     13   Next: 74%
Gold:   1246       EV: 20    Int: 22    God:    Ashenzari [***...] SH: 10 Dex: 20

rFire    + + +     SeeInvis +   b - +1 scimitar (flame)
rCold    . . .     Faith    .   i - +0 kite shield "Circumscribed Together" {Fort, Cun} (curse)
rNeg     . . .     Spirit   .   H - +0 leather armour {rC+ rF+}
rPois    ∞         Reflect  .   h - +2 helmet of Ashenzari's Planets {Self, Melee} (curse)
rElec    .         Harm     .   e - +0 cloak of the Cryptic Doubts {Range, Melee} (curse)
rCorr    .         Rampage  .   g - +2 pair of gloves
Will     +....     Clarity  +   (boots unavailable)
Stlth    ++........             (no amulet)
HPRegen  0.26/turn              o - ring "Chained Together" {Dex+6, Melee, Range} (curse)
MPRegen  0.00/turn              V - +4 ring of evasion

@: flying, slowed, studying Maces & Flails, very slow
A: sickness immunity, fire resistance 2, cold vulnerability 1, float, innate
caster, hp casting, extra vitality 1
a: Renounce Religion, Curse Item, Shatter the Chains


You were in an ice cave.
You worshipped Ashenzari.
Ashenzari was most pleased with you.
You visited 3 branches of the dungeon, and saw 15 of its levels.
You also visited: Gauntlet and Ice Cave.

You collected 2136 gold pieces.
You spent 890 gold pieces at shops.

Inventory:

Hand Weapons
 a - a +2 falchion of electrocution
 b - a +1 scimitar of flaming (weapon)
 t - the +8 mace of the Harvest {venom, rElec}
   (You found it on level 1 of the Lair of Beasts)

   It poisons the flesh of those it strikes.
   rElec:     It insulates you from electricity.
 B - a +1 short sword of venom
 K - a +0 broad axe of flaming
 M - a +4 short sword of freezing
Missiles
 w - 4 throwing nets
 y - 7 boomerangs
 C - 3 curare-tipped darts
 R - 2 boomerangs of dispersal
Armour
 d - a +2 robe of the Archmagi
 e - the cursed +0 cloak of the Cryptic Doubts (worn) {Range, Melee}
   (You found it on level 7 of the Dungeon)

   It has a curse which improves the following skills: Ranged Combat: Slings,
   Bows, Crossbows and Throwing.
   Melee Combat: Short Blades, Long Blades, Axes, Maces & Flails, Polearms,
   Staves and Unarmed Combat.
 g - a +2 pair of gloves (worn)
 h - the cursed +2 helmet of Ashenzari's Planets (worn) {Self, Melee}
   (You bought it in a shop on level 6 of the Dungeon)

   It has a curse which improves the following skills: Introspection: Fighting
   and Spellcasting.
   Melee Combat: Short Blades, Long Blades, Axes, Maces & Flails, Polearms,
   Staves and Unarmed Combat.
 i - the cursed +0 kite shield "Circumscribed Together" (worn) {Fort, Cun}
   (You took it off a gnoll sergeant on level 8 of the Dungeon)

   It has a curse which improves the following skills: Fortitude: Armour and
   Shields.
   Cunning:   Dodging and Stealth.
 l - +0 acid dragon scales
 H - a +0 leather armour of resistance (worn)
 I - a +0 troll leather armour
 L - the +7 plate armour of Inaction {Dex+4}
   (You found it in an ice cave)

   Dex:       It affects your dexterity (+4).
Magical Staves
 u - a staff of air
Jewellery
 c - a ring of fire
 o - the cursed ring "Chained Together" (left hand) {Dex+6, Melee, Range}
   (You found it on level 3 of the Dungeon)

   [ring of dexterity]

   Dex:       It affects your dexterity (+6).
   It has a curse which improves the following skills: Melee Combat: Short
   Blades, Long Blades, Axes, Maces & Flails, Polearms, Staves and Unarmed
   Combat.
   Ranged Combat: Slings, Bows, Crossbows and Throwing.
 F - a ring of protection from fire
 V - a +4 ring of evasion (right hand)
Wands
 q - a wand of iceblast (25)
 G - a wand of mindburst (22)
 J - a wand of charming (12)
 Q - a wand of acid (23)
Scrolls
 j - a scroll of silence
 m - 4 scrolls of magic mapping
 x - 6 scrolls of teleportation
 A - 2 scrolls of fear
 E - 2 scrolls of holy word
 S - 3 scrolls of summoning
Potions
 f - 2 potions of might
 k - 2 potions of cancellation
 n - a potion of brilliance
 p - 2 potions of berserk rage
 r - a potion of invisibility
 z - a potion of ambrosia
 D - a potion of heal wounds
 P - 6 potions of curing
Miscellaneous
 s - a phial of floods
 v - a condenser vane


   Skills:
 * Level 9.4(11.2) Fighting
 * Level 8.0(9.9) Dodging
 - Level 1.5(2.9) Stealth
 * Level 5.0(6.8) Shields
 + Level 14.0(15.5) Spellcasting


You had 14 spell levels left.
You knew the following spells:

 Your Spells              Type           Power      Damage    Failure   Level
a - Sting                 Tmut/Pois      100%       1d8       1%          1
b - Stone Arrow           Conj/Erth      100%       3d13      1%          3
c - Mephitic Cloud        Conj/Pois/Air  72%        N/A       1%          3
d - Manifold Assault      Tloc           72%        N/A       1%          5
e - Alistair's Intoxicat  Tmut/Pois      48%        N/A       1%          5
i - Ignite Poison         Fire/Tmut/Pois 72%        N/A       1%          3
p - Poisonous Vapours     Pois/Air       100%       N/A       1%          2
r - Searing Ray           Conj           100%       3d7       1%          2
z - Shock                 Conj/Air       100%       1d9       1%          1
O - Olgreb's Toxic Radia  Pois           72%        N/A       1%          4
Your spell library was empty.

Dungeon Overview and Level Annotations

Branches:
Dungeon (11/15)            Temple (1/1) D:6            Lair (3/6) D:11
  Swamp (0/4) Lair:2       Spider (0/4) Lair:2          Orc (0/2) D:11
  IceCv (1/1)             Gauntlet (visited)

Altars:
Ashenzari
Cheibriados
Dithmenos
Elyvilon
Fedhas
Gozag
Hepliaklqana
Kikubaaqudgha
Makhleb
Nemelex Xobeh
Okawaru
Qazlal
Ru
Sif Muna
Trog
Uskayaw
Vehumet
Wu Jian
Xom
Yredelemnul
Zin
The Shining One

Shops:
D:6 (?([

Annotations:
D:7 1 runed translucent door, fly's ghost, weakling FoDe


Innate Abilities, Weirdness & Mutations

You are immune to sickness and miasma.
You are immune to poison.
Your flesh is very heat resistant. (rF++)
You are vulnerable to cold. (rC-)
You float through the air rather than walking.
You learn spells naturally, not from books.
Your magical power is your life essence.
You have superior vitality. (+4 HP)


Message History

You resist with some effort.
The bog body gestures at you while chanting.
The bolt of cold misses you.
Casting: Manifold Assault (mildly dangerous; 1% risk of failure)
Confirm with . or Enter, or press ? or * to list all spells.
Aiming: Mephitic Cloud (safe; 1% risk of failure)
Press: ? - help, Shift-Dir - straight line The ball explodes into a vile cloud!
Casting: Mephitic Cloud (safe; 1% risk of failure)
Confirm with . or Enter, or press ? or * to list all spells.
You ignite the poison in your surroundings!
The dire elephant simulacrum is engulfed in blazing flames.
Unknown command.
The dire elephant simulacrum is engulfed in blazing flames.
The dire elephant simulacrum is engulfed in blazing flames.
The dire elephant simulacrum barely misses you.
You riposte.
You hit the dire elephant simulacrum but do no damage.
The dire elephant simulacrum is heavily damaged.
The dire elephant simulacrum misses you.
Press: ? - help, v - describe, . - travel The floor.
Press: ? - help, v - describe, . - travel
Here: a dire elephant simulacrum (heavily damaged)
The floor.
Unknown command.
Press: ? - help, v - describe, . - travel
Here: a dire elephant simulacrum (heavily damaged)
The floor.
Unknown command.
Unknown command.
The dire elephant simulacrum barely misses you.
You riposte.
You hit the dire elephant simulacrum.
You melt the dire elephant simulacrum.
The dire elephant simulacrum is severely damaged.
The dire elephant simulacrum misses you.
The dire elephant simulacrum tramples you!!
* * * LOW HITPOINT WARNING * * *
The dire elephant simulacrum freezes you!!
You die...

#.### #..###
##...####....#.## ..#
######...## #..###.########
#. ,*#..!......####....#....#
#,,*
#.?.⌠...#..####..#####.### *
##.(...##...#≈##......#..#
,**#######.n###≈≈###..##..###
, ##..##≈≈≈≈≈#####...##
#.Z###≈≈≈≈#######..# ,
##.@.##.###..###..## ,
##....#.#.#.#...## ,
##....#..##.#.## *
##############


You could see a bog body and a dire elephant simulacrum.

Vanquished Creatures
  A yaktaur captain (D:10)
  3 hydras
  A two-headed ogre (D:10)
  2 centaur warriors
  3 death yaks (D:11)
  Sonja (Lair:2)
  2 skeletal warriors (D:8)
  A bog body (IceCv)
  An oklob plant (Lair:1)
  2 cyclopes (D:8)
  Maggie (D:6)
  A gargoyle (D:8)
  4 cane toads (Lair:1)
  A rime drake (Lair:1)
  2 komodo dragons
  An efreet (D:8)
  An entropy weaver simulacrum (IceCv)
  A polar bear (Lair:1)
  A hornet (D:11)
  2 trolls
  Grinder (D:4)
  3 blink frogs (Lair:3)
  4 redbacks (Lair:2)
  2 vampires (D:11)
  Eustachio (D:6)
  A wraith (D:11)
  A dire elephant simulacrum (IceCv)
  8 yaks
  A shadow (D:11)
  A basilisk (Lair:3)
  2 steam dragons
  A harpy simulacrum (IceCv)
  2 death yak simulacra (IceCv)
  A cane toad zombie (D:10)
  Duvessa (D:4)
  3 acid dragons
  10 water moccasins
  5 orc warriors
  2 sky beasts
  A black bear (D:6)
  5 necrophages
  2 ogres
  2 hornet zombies
  12 centaurs
  18 wolves (Lair:1)
  Blork the orc (D:6)
  2 phantoms (D:4)
  9 bullfrogs
  2 gnoll sergeants (D:8)
  7 two-headed ogre simulacra (IceCv)
  2 cane toad simulacra (IceCv)
  2 scorpions
  A water moccasin zombie (D:5)
  15 killer bees
  Dowan (D:4)
  9 wights
  An elephant simulacrum (Lair:3)
  5 howler monkeys
  4 electric eels
  7 centaur zombies
  A lava snake (D:7)
  A bullfrog zombie (D:5)
  A hound (D:5)
  A gnoll shaman (D:6)
  7 orc priests
  A centaur skeleton (D:6)
  2 jellies
  4 iguanas
  12 orc wizards
  8 troll simulacra (IceCv)
  3 polar bear simulacra (IceCv)
  5 spriggan simulacra (IceCv)
  A killer bee zombie (D:8)
  A wolf simulacrum (IceCv)
  A hound skeleton (D:4)
  21 gnolls
  A howler monkey skeleton (D:7)
  4 adders
  2 naga simulacra (IceCv)
  2 river rats (D:11)
  2 shadow imps
  4 white imps
  6 ufetubi
  2 worms (D:3)
  2 dart slugs
  38 orcs
  5 bats
  5 endoplasms
  6 goblins
  3 hobgoblins (D:3)
  10 jackals
  4 quokkas
  3 ball pythons
  3 frilled lizards (D:1)
  3 kobolds
  7 rats
372 creatures vanquished.

Vanquished Creatures (others)
  8 fungi
  15 plants
23 creatures vanquished.

Grand Total: 395 creatures vanquished

Notes
Turn   | Place    | Note
-------+----------+-------------------------------------------
     0 | D:1      | Banquo the Djinni Venom Mage began the quest for the Orb.
     0 | D:1      | Reached XP level 1. HP: 15/15 MP: 0/0
   135 | D:1      | Found a faded altar of an unknown god.
   272 | D:1      | Reached XP level 2. HP: 19/22 MP: 0/0
   491 | D:1      | Reached skill level 3 in Spellcasting
   525 | D:1      | Reached XP level 3. HP: 25/26 MP: 0/0
   525 | D:1      | Learned a level 1 spell: Shock
   659 | D:1      | Reached skill level 1 in Fighting
  1664 | D:2      | Reached XP level 4. HP: 31/32 MP: 0/0
  2676 | D:3      | Noticed a sky beast
  2718 | D:3      | Killed a sky beast
  2719 | D:3      | Reached skill level 4 in Spellcasting
  2719 | D:3      | Reached XP level 5. HP: 13/38 MP: 0/0
  2719 | D:3      | Learned a level 2 spell: Searing Ray
  3012 | D:3      | Reached XP level 6. HP: 20/43 MP: 0/0
  3727 | D:4      | Noticed Dowan
  3730 | D:4      | Noticed Duvessa
  3736 | D:4      | Killed Dowan
  3737 | D:4      | Reached skill level 5 in Spellcasting
  3740 | D:4      | Killed Duvessa
  3741 | D:4      | Reached XP level 7. HP: 8/49 MP: 0/0
  3741 | D:4      | Learned a level 3 spell: Stone Arrow
  4361 | D:4      | Noticed a steam dragon
  4371 | D:4      | Killed a steam dragon
  4372 | D:4      | Reached skill level 6 in Spellcasting
  4570 | D:4      | Reached XP level 8. HP: 47/56 MP: 0/0
  5117 | D:4      | Noticed Grinder
  5128 | D:4      | Killed Grinder
  5129 | D:4      | Reached skill level 7 in Spellcasting
  5510 | D:5      | Entered Level 5 of the Dungeon
  6046 | D:5      | Reached XP level 9. HP: 55/63 MP: 0/0
  6046 | D:5      | Learned a level 3 spell: Ignite Poison
  6528 | D:6      | Noticed Blork the orc
  6544 | D:6      | Found Axam Qeu's Antique Armour Shoppe.
  6604 | D:6      | Reached skill level 8 in Spellcasting
  6619 | D:6      | Found Foysyle's Antique Weapon Shoppe.
  6633 | D:6      | Found Vearoan's Weapon Emporium.
  6784 | D:6      | Reached skill level 5 in Fighting
  7115 | D:6      | Identified the +2 chain mail of an ossuary {rElec}
  7393 | D:6      | Reached skill level 9 in Spellcasting
  7489 | D:6      | Noticed Maggie
  7499 | D:6      | Killed Maggie
  7593 | D:6      | Reached XP level 10. HP: 66/71 MP: 0/0
  7717 | D:6      | Found a staircase to the Ecumenical Temple.
  7727 | Temple   | Entered the Ecumenical Temple
  7831 | Temple   | Became a worshipper of Ashenzari the Shackled
  7831 | Temple   | Identified a scroll of acquirement
  7996 | D:6      | Noticed Eustachio
  8002 | D:6      | Killed Eustachio
  8103 | D:6      | Found Bydilio's Magic Scroll Shop.
  8111 | D:6      | Bought a scroll of teleportation for 39 gold pieces
  8189 | D:6      | Bought a runed scarf for 216 gold pieces
  8190 | D:6      | Acquired 927 gold pieces
  8193 | D:6      | Bought a runed helmet for 202 gold pieces
  8232 | D:6      | Bought an encrusted short sword for 256 gold pieces
  8232 | D:6      | Identified the +3 short sword "Xoptebih" {pain, Str+4
                  | Int+2} (You bought it in a shop on level 6 of the Dungeon)
  8258 | D:6      | Killed Blork the orc
  8342 | D:6      | Bought a scroll of teleportation for 39 gold pieces
  8342 | D:6      | Bought a scroll of teleportation for 39 gold pieces
  8364 | D:6      | Bought an embroidered robe for 99 gold pieces
  8394 | D:7      | Reached skill level 10 in Spellcasting
  8635 | D:7      | Found a runed translucent door.
  8635 | D:7      | Found a shimmering altar of Xom.
  8635 | D:7      | Noticed a +1 hand axe of chaos
  8635 | D:7      | Noticed fly's ghost (weakling FoDe)
  9431 | D:7      | Found a stormy altar of Qazlal.
  9431 | D:7      | Found a sparkling altar of Nemelex Xobeh.
 10432 | D:8      | Reached XP level 11. HP: 66/78 MP: 0/0
 10432 | D:8      | Learned a level 5 spell: Manifold Assault
 10603 | D:8      | Noticed an eight-headed hydra
 11137 | D:8      | Killed an eight-headed hydra
 11138 | D:8      | Reached skill level 11 in Spellcasting
 11517 | D:8      | Noticed a centaur warrior
 11523 | D:8      | Killed a centaur warrior
 11732 | D:8      | Noticed a cyclops
 11733 | D:8      | Noticed an eight-headed hydra
 11733 | D:8      | Noticed a skeletal warrior
 11733 | D:8      | Noticed a cyclops
 11735 | D:8      | Killed a cyclops
 11738 | D:8      | Killed a cyclops
 11740 | D:8      | Noticed a skeletal warrior
 11741 | D:8      | Killed an eight-headed hydra
 12001 | D:8      | Reached skill level 5 in Dodging
 12036 | D:8      | Killed a skeletal warrior
 12046 | D:8      | Reached skill level 12 in Spellcasting
 12356 | D:8      | Killed a skeletal warrior
 12357 | D:8      | Reached XP level 12. HP: 14/86 MP: 0/0
 13069 | D:9      | Identified the +1 leather armour of Dramatic Exits {rPois}
 13779 | D:10     | Entered Level 10 of the Dungeon
 13779 | D:10     | Noticed a centaur warrior
 13782 | D:10     | Noticed a two-headed ogre
 13783 | D:10     | Killed a centaur warrior
 13784 | D:10     | Reached skill level 1 in Shields
 13787 | D:10     | Killed a two-headed ogre
 14769 | D:11     | Found a staircase to the Lair.
 14770 | D:11     | Noticed a death yak
 14774 | D:11     | Noticed a death yak
 14775 | D:11     | Killed a death yak
 14782 | D:11     | Killed a death yak
 14852 | D:11     | Noticed a death yak
 14858 | D:11     | Killed a death yak
 15376 | D:10     | Reached * piety under Ashenzari
 15615 | D:10     | Noticed a yaktaur captain
 15624 | D:10     | Killed a yaktaur captain
 15784 | D:11     | Reached skill level 13 in Spellcasting
 16724 | D:11     | Found a staircase to the Orcish Mines.
 16745 | D:11     | Reached ** piety under Ashenzari
 17288 | Lair:1   | Entered Level 1 of the Lair of Beasts
 17385 | Lair:1   | Reached XP level 13. HP: 65/96 MP: 0/0
 17385 | Lair:1   | Learned a level 5 spell: Alistair's Intoxication
 18360 | Lair:1   | Reached *** piety under Ashenzari
 18472 | Lair:1   | Identified the +8 mace of the Harvest {venom, rElec}
 19174 | Lair:2   | Found a gate leading to a gauntlet.
 19192 | Lair:2   | Found a staircase to the Swamp.
 19194 | Gauntlet | Entered a Gauntlet
 19194 | Gauntlet | Found a transporter.
 19194 | Gauntlet | Found a transporter.
 19212 | Gauntlet | Found a transporter.
 19216 | Gauntlet | Found a transporter.
 19234 | Gauntlet | Found a transporter.
 19236 | Gauntlet | Found a transporter.
 19242 | Gauntlet | Identified the ring "Plog" {rPois Int+6 Dex+5}
 19248 | Gauntlet | Found a transporter.
 19275 | Gauntlet | Found a transporter.
 19277 | Gauntlet | Found a transporter.
 19300 | Gauntlet | Found a transporter.
 19311 | Gauntlet | Found a transporter.
 19315 | Gauntlet | Found a transporter.
 19315 | Gauntlet | Noticed a catoblepas
 19496 | Lair:2   | Noticed a five-headed hydra
 19519 | Lair:2   | Killed a four-headed hydra
 19764 | Lair:2   | Found a hole to the Spider Nest.
 19963 | Lair:2   | Noticed Sonja
 19968 | Lair:2   | Killed Sonja
 20509 | Lair:3   | Found a frozen archway.
 20545 | IceCv    | Entered an ice cave
 20949 | IceCv    | Identified the +7 plate armour of Inaction {Dex+4}
 21657 | IceCv    | Identified the +5 hand axe of the Spinneret {vorpal, rF+
                  | Int+7}
 21667 | IceCv    | Reached skill level 14 in Spellcasting
 21678 | IceCv    | Reached skill level 5 in Shields
 21702 | IceCv    | Mangled by a dire elephant simulacrum

Illustrated notes

Levels and vault maps discovered:
D:1:      dpeg_arrival_subterranean_lakeside_camping, layout_rooms,
          hellmonk_ecumenical_altar_crossroads
D:2:      layout_loops_ring, grunt_ministairs_9, cheibrodos_gnoll_hut
D:3:      layout_loops_ring
D:4:      layout_cave_pools, uniq_grinder, uniq_duvessa
D:5:      layout_loops_ring
D:6:      layout_rooms, minmay_temple_entry_enclosed_plants, serial_shops, shop,
          nicolae_shop_crystal, nicolae_shop_crystal, shop_statue,
          hangedman_decor_lopped, st_stairs_1, minmay_manual_monstrance,
          uniq_blork_the_orc, uniq_eustachio, uniq_maggie
D:7:      layout_basic, gammafunk_temple_overflow_elements, ebering_ghost_xom,
          nicolae_lava_and_water
D:8:      nzn_winding_woodlands_large [nzn_winding_woodlands_hourglass,
          nzn_winding_woodlands_5x15_concentric,
          nzn_winding_woodlands_5x5_default,
          nzn_winding_woodlands_center_pierced_h,
          nzn_winding_woodlands_15x15_eel_pit,
          nzn_winding_woodlands_center_lodge,
          nzn_winding_woodlands_5x5_checkerboard,
          nzn_winding_woodlands_5x15_garden,
          nzn_winding_woodlands_5x5_open_star], layout_basic, minivault_22,
          grunt_decor_fettered
D:9:      layout_rooms, serial_glass, glass_columns_c, glass_columns_a
D:10:     layout_basic, ebering_dispersal_statue_hall, grunt_decor_one_mirror,
          chequers_serial_rivers_micro_d, minmay_liquid_box,
          kennysheep_just_a_vault
D:11:     layout_layer_cave, dpeg_lair_monsters, hiddenorc1_lemuel
Temple:   regret_index_temple_chain_breaker
Lair:1:   layout_chaotic_city, minmay_lair_oklob_bushes
Lair:2:   layout_hall_layers, swamp_mist, spider_nest_entry_webs,
          gauntlet_entry_generic, infiniplex_staircase_pool, uniq_sonja
Lair:3:   layout_regular_city, portal_ice_cave_entry_ice_simulacra,
          grunt_megastairs_1
IceCv:    ice_cave_caverns_02

Skill      XL: |  1  2  3  4  5  6  7  8  9 10 11 12 13 |
---------------+----------------------------------------+-----
Spellcasting   | 3 4 5 6 7 9 10 12 13 14 | 14.0
Fighting       | 1 2 3 4 5 6 7 8 9 |  9.4
Dodging        | 3 5 6 8 |  8.0
Shields        | 3 5 |  5.0
Stealth        | |  1.5

Action                   |  1- 3 |  4- 6 |  7- 9 | 10-12 | 13-15 || total
-------------------------+-------+-------+-------+-------+-------++-------
Melee: Mace              |     1 |       |       |       |     3 ||     4
       Flail             |       |       |     4 |       |       ||     4
       Broad axe         |       |       |       |    16 |     5 ||    21
       Scimitar          |       |       |       |       |    55 ||    55
       Falchion          |       |       |       |       |    21 ||    21
 Cast: Sting             |    35 |    32 |     1 |     4 |       ||    72
       Shock             |    13 |    14 |    55 |    56 |    20 ||   158
       Poisonous Vapours |     2 |    22 |     4 |    18 |     1 ||    47
       Mephitic Cloud    |       |     4 |     8 |    27 |    31 ||    70
       Searing Ray       |       |     3 |    46 |    39 |     7 ||    95
       Olgreb's Toxic Ra |       |     2 |    16 |    75 |    29 ||   122
       Stone Arrow       |       |       |     3 |    40 |     3 ||    46
       Ignite Poison     |       |       |     2 |    50 |    42 ||    94
       Manifold Assault  |       |       |       |       |    44 ||    44
Invok: Curse Item        |       |       |       |     3 |     1 ||     4
  Use: Scroll            |       |       |       |     1 |       ||     1
 Stab: Confused          |       |       |       |     1 |     1 ||     2
Armor: Robe              |     6 |     4 |    13 |    20 |     2 ||    45
       Acid dragon scale |       |       |       |       |     1 ||     1
Dodge: Dodged            |    17 |     8 |    14 |    67 |    30 ||   136
Block: Kite shield       |       |       |       |    10 |    14 ||    24
       Rpst.: Scimitar   |       |       |       |       |     4 ||     4
       Falchion          |       |       |       |       |     3 ||     3
